 Dungeon Crawl Stone Soup version 0.31-a0-183-g4352c244c2 (webtiles) character file.

Game seed: 13370961267358055849

60 Morbidden the Trooper (level 3, -3/36 HPs)
             Began as a Draconian Fighter on June 22, 2023.
             Slain by a goblin
             ... wielding a +0 hand axe
             ... led by Robin
              (6 damage)
             ... on level 2 of the Dungeon.
             The game lasted 00:02:13 (1821 turns).

Morbidden the Trooper (Draconian Fighter)           Turns: 1821, Time: 00:02:14

Health: -3/36      AC:  8    Str: 18    XL:     3   Next: 82%
Magic:  3/3        EV: 12    Int: 10    God:
Gold:   147        SH:  0    Dex: 10    Spells: 2/2 levels left

rFire   + . .        a - +5 glaive of Contradiction {flame, *Slow rElec rPois Stlth+}
rCold   x . .        (shield currently unavailable)
rNeg    . . .        (body armour unavailable)
rPois   +            i - +1 hat
rElec   +            (no cloak)
rCorr   .            (no gloves)
SInv    .            k - +1 pair of boots
Will    +....        h - amulet of the acrobat
Stlth   ++           j - ring of protection from fire
HPRegen 0.26/turn    (no ring)
MPRegen 0.08/turn

%: slow self (1%), acrobat
@: enlightened, flying
A: AC +5, unfitting armour, cold-blooded, stinger 1, robust 1, cold
vulnerability 1, noise suppression
a: no special abilities


You were on level 2 of the Dungeon.
You visited 1 branch of the dungeon, and saw 2 of its levels.

You collected 147 gold pieces.

Inventory:

Hand Weapons
 a - the +5 glaive of Contradiction (weapon) {flame, *Slow rElec rPois Stlth+}
   (You found it on level 2 of the Dungeon)

   rElec:     It insulates you from electricity.
   rPois:     It protects you from poison.
   *Slow:     It may slow you when you take damage.
   Stlth:     It makes you more stealthy.
 f - a +4 dagger
Armour
 i - a +1 hat (worn)
 k - a +1 pair of boots (worn)
Jewellery
 h - an amulet of the acrobat (around neck)
 j - a ring of protection from fire (left hand)
Scrolls
 c - a scroll of teleportation {unknown}
 e - 2 scrolls of identify {unknown}
 g - 3 scrolls of fog {unknown}
 l - a scroll of enchant weapon {unknown}
 m - a scroll of poison {unknown}
Potions
 b - a potion of might
 d - 2 potions of enlightenment


   Skills:
 * Level 3.6 Fighting
 * Level 0.3 Polearms
 * Level 3.2 Dodging
 + Level 0.5 Stealth
 * Level 3.5 Shields
 * Level 2.5 Unarmed Combat
 * Level 0.2 Spellcasting


You had 2 spell levels left.
You didn't know any spells.
Your spell library contained the following spells:

 Spells                   Type           Power      Damage    Failure   Level
 Ensorcelled Hibernation  Hex/Ice        0%         N/A       50%         2
 Spider Form              Tmut/Pois      0%         N/A       75%         3
 Anguish                  Hex/Necr       0%         N/A       98%         4


Dungeon Overview and Level Annotations

Branches:
Dungeon (2/15)

Altars:

Annotations:
D:2 1 runed translucent door, Crazy Yiuf, Robin, Terence


Innate Abilities, Weirdness & Mutations

Your plain brown scales are hard. (AC +5)
You cannot fit into any form of body armour.
You are cold-blooded and may be slowed by cold attacks.
Your tail ends in a venomous barb.
You are robust. (+10% HP)
You are vulnerable to cold. (rC-)
You passively dampen the noise of your surroundings.


Message History

You are too injured to fight recklessly!
Unknown command.
You are too injured to fight recklessly!
Unknown command.
You aren't carrying any items that you can evoke.
Unknown command.
It was a potion of enlightenment.
You feel very buoyant.
You fly up into the air.
The goblin barely misses you. x2
The hobgoblin closely misses you. x2; The goblin hits you but does no damage.
Unknown command.
It was a potion of mutation.
You feel extremely strange.
You feel vulnerable to cold.
You feel your surroundings grow quieter.
A venomous barb forms on the end of your tail.
You feel robust. The goblin hits you with a +0 hand axe.
* * * LOW HITPOINT WARNING * * *
The goblin hits you with a +0 club.
* * * LOW HITPOINT WARNING * * *
The hobgoblin closely misses you. The hobgoblin misses you.
The goblin closely misses you.
Unknown command.
Unknown command.
You closely miss the goblin.
Robin hits you from afar with a +0 spear.
* * * LOW HITPOINT WARNING * * *
The goblin hits you with a +0 hand axe.
* * * LOW HITPOINT WARNING * * *
The hobgoblin closely misses you.
The goblin hits you but does no damage. x2
The hobgoblin barely misses you. The goblin misses you.
The hobgoblin hits you but does no damage.
The goblin hits you but does no damage. Robin hits you but does no damage.
The goblin misses you. The hobgoblin barely misses you.
Unknown command.
Unknown command.
You hit the goblin. You burn the goblin.
You kill the goblin!
Robin hits you but does no damage. The goblin hits you with a +0 hand axe.
You die...

....# ........# #...# ###.#
########.#####.#.# #.#
...............#.#
#.##################.#######...
###.....)........................
#.....#############.....#########
#...).# ... #.....# # #.....#
##...#####.....# # #.....#
#....gg@g#.....# #.# #..†..#
.....ggg)####.## #.# ......#
......K#.# #.# #.# #.....#
..#.####.####.###.# #.# #.....# #
# #..........# #.# ####.#######
#########.##### #.# ............
........>.# #.. .....#######
########..########<# ####.#
#............


You could see Robin, 3 hobgoblins, 2 goblins and a kobold.

Vanquished Creatures
  An adder (D:2)
  A worm (D:2)
  A dart slug (D:1)
  5 bats
  3 endoplasms (D:2)
  8 goblins
  A hobgoblin (D:2)
  8 jackals (D:2)
  8 ball pythons
  2 frilled lizards
  4 kobolds (D:2)
  A rat (D:1)
43 creatures vanquished.

Notes
Turn   | Place    | Note
-------+----------+-------------------------------------------
     0 | D:1      | Morbidden the Draconian Fighter began the quest for the
                  | Orb.
     0 | D:1      | Reached XP level 1. HP: 19/19 MP: 1/1
   268 | D:1      | Reached XP level 2. HP: 25/26 MP: 2/2
   917 | D:2      | Noticed Terence
  1167 | D:2      | Reached XP level 3. HP: 21/31 MP: 3/3
  1229 | D:2      | Found a runed translucent door.
  1230 | D:2      | Noticed Crazy Yiuf
  1383 | D:2      | Identified the +5 glaive of Contradiction {flame, *Slow
                  | rElec rPois Stlth+}
  1810 | D:2      | Noticed Robin
  1819 | D:2      | Gained mutation: You are vulnerable to cold. (rC-) [potion
                  | of mutation]
  1819 | D:2      | Gained mutation: You passively dampen the noise of your
                  | surroundings. [potion of mutation]
  1819 | D:2      | Gained mutation: Your tail ends in a venomous barb. [potion
                  | of mutation]
  1819 | D:2      | Gained mutation: You are robust. (+10% HP) [potion of
                  | mutation]
  1821 | D:2      | Slain by a goblin

Illustrated notes

Levels and vault maps discovered:
D:1:      roderic_dead_forest, layout_basic
D:2:      layout_basic, uniq_terence, uniq_crazy_yiuf_cottage, uniq_robin

Skill      XL: |  1  2 |
---------------+-------+-----
Dodging        | 3 |  3.2
Fighting       | |  3.6
Polearms       | |  0.3
Stealth        | |  0.5
Shields        | |  3.5
Unarmed Combat | |  2.5
Spellcasting   | |  0.2

Action                     || total
---------------------------++-------
  Melee: Unarmed           ||    71
         Tailslap          ||    14
         Glaive            ||    45
    Use: Potion            ||     2
   Stab: Sleeping          ||     3
 Armour: Skin              ||    53
  Dodge: Dodged            ||    98
  Block: Buckler           ||    17

Table legend: (Time is in decaauts)
 A = Elapsed time spent in this place.
 B = Non-inter-level travel time spent in this place.
 C = Inter-level travel time spent in this place.
 D = Time resting spent in this place.
 E = Time spent auto-exploring this place.
 F = Levels seen in this place.
 G = Mean time per level.
                   A        B        C        D        E       F      G
               +--------+--------+--------+--------+--------+-----+--------+
         Total |   1848 |   1799 |     49 |      0 |   1437 |   2 |  924.0 |
       Dungeon |   1848 |   1799 |     49 |      0 |   1437 |   2 |  924.0 |
               +--------+--------+--------+--------+--------+-----+--------+

Top non-repeatable levels by time:
     D:1: 955 daAuts
     D:2: 893 daAuts
